Construct Section Command Post
Selects Australian Defense Battlegroup
Selects Australian Light Infantry Section
Australian Light Infantry Section
Australian Light Infantry Section
Construct Platoon Command Post
Unlock M3 Stuart Light Tanks
Construct Field Infirmary
Australian Light Infantry Section
Selects CMP 15cwt Supply Run
Selects Artillery Trip Wire Flares
Selects Defensive Tactics
Australian Light Infantry Section
Selects Archer Tank Destroyer